 Dungeon Crawl Stone Soup version 0.18-a0-1372-gd644665 (webtiles) character file.

71 M4edhros the Insei (level 4, 0/31 HPs)
             Began as an Octopode Monk on Feb 21, 2016.
             Slain by a hound (2 damage)
             ... on level 3 of the Dungeon.
             The game lasted 00:03:33 (1548 turns).

M4edhros the Insei (Octopode Monk)                  Turns: 1548, Time: 00:03:33

Health: 0/31       AC:  1    Str: 10    XL:     4   Next: 24%
Magic:  4/4        EV: 13    Int: 12    God:
Gold:   114        SH:  0    Dex: 15    Spells: 0 memorised, 3 levels left

rFire  . . .     SeeInvis .     i - +1 dagger (elec)
rCold  . . .     Gourm    .     (no shield)
rNeg   . . .     Faith    .     (helmet restricted)
rPois  .         Spirit   .     (no amulet)
rElec  .         Dismiss  .     j - ring of resist corrosion
rCorr  +         Reflect  .     (no ring)
SustAt .         Harm     .     (no ring)
MR     .....                    (no ring)
Stlth  ++++......               (no ring)
                                (no ring)
                                (no ring)
                                (no ring)

@: not resistant to hostile enchantments, stealthy
A: almost no armour, amphibious, 8 rings, constrict 8, camouflage 1, gelatinous
body 1
a: no special abilities


You were on level 3 of the Dungeon.
You were hungry.

You visited 1 branch of the dungeon, and saw 3 of its levels.

You collected 114 gold pieces.

Inventory:

Hand Weapons
 d - a +0 hunting sling
 i - a +1 dagger of electrocution (weapon)
Missiles
 h - 44 stones (quivered)
Jewellery
 j - a ring of resist corrosion (left tentacle)
Scrolls
 b - 2 scrolls of teleportation {unknown}
 k - a scroll of identify {unknown}
 l - a scroll of blinking {unknown}
Potions
 e - 2 potions of lignification
 g - a potion of berserk rage
Comestibles
 a - a bread ration
 c - a royal jelly
 f - a beef jerky


   Skills:
 - Level 3.0 Fighting
 - Level 3.0 Dodging
 + Level 4.6 Stealth
 + Level 4.9 Unarmed Combat


You had 3 spell levels left.
You didn't know any spells.

Dungeon Overview and Level Annotations

Branches:
Dungeon (3/15)

Altars:
Ashenzari
Dithmenos
Fedhas
Qazlal

Annotations:
D:2 Robin


Innate Abilities, Weirdness & Mutations

You cannot wear most types of armour.
You are amphibious.
You can wear up to eight rings at the same time.
You can use your tentacles to constrict eight enemies at once.
Your skin changes colour to match your surroundings (Stealth).
Your rubbery body absorbs attacks (AC +1).


Message History

A hound comes into view.
A hound is nearby!
A hound is nearby!
A hound is nearby!
A hound is nearby!
The hound barks!
The hound bites you.
You miss the hound. Your grab misses the hound. The hound misses you.
The hound barely misses you.
You miss the hound. You grab the hound. You constrict the hound.
The hound bites you.
* * * LOW HITPOINT WARNING * * *
You are too injured to fight recklessly!
You are too injured to fight recklessly!
You barely miss the hound.
The hound is lightly wounded.
You constrict the hound. The hound bites you.
* * * LOW HITPOINT WARNING * * *
The hound bites you.
You die...

.....).........).#
##.............#
#.............#
#........######
### #........####
#.###...........##
#...†....######..#
#.#####..# ##.##
.........# #@.#
#.######.# ##h#
...# .. ..#
#..######## ..#
..........# ..#
.#.######.# ..#
.#.##<# #.# ###
.....)# #.####
##.##.###.##.#


You could see a hound.

Vanquished Creatures
  2 adders
  2 worms (D:2)
  A giant gecko (D:1)
  3 giant cockroaches
  8 goblins
  5 hobgoblins
  4 jackals (D:3)
  A quokka (D:2)
  6 bats
  2 giant newts
  4 kobolds
  6 rats (D:1)
44 creatures vanquished.

Notes
Turn   | Place    | Note
--------------------------------------------------------------
     0 | D:1      | M4edhros the Octopode Monk began the quest for the Orb.
     0 | D:1      | Reached XP level 1. HP: 16/16 MP: 1/1
   335 | D:1      | Reached XP level 2. HP: 18/21 MP: 2/2
   801 | D:2      | Found a shattered altar of Ashenzari.
   802 | D:2      | Found a shadowy altar of Dithmenos.
   803 | D:2      | Found a blossoming altar of Fedhas.
   820 | D:2      | Reached XP level 3. HP: 26/26 MP: 3/3
   990 | D:2      | Found a stormy altar of Qazlal.
  1056 | D:2      | Noticed Robin
  1097 | D:2      | HP: 1/26 [goblin/stone[Robin] (2)]
  1507 | D:3      | Reached XP level 4. HP: 16/31 MP: 4/4
  1548 | D:3      | Slain by a hound

Vault maps used:
D:1:      minmay_arrival_four_circles, nrook_uturn
D:2:      lemuel_upstairs_altar, old_standard_altar, xom_butterflies,
          gammafunk_temple_overflow_forgotten, serial_park_tiny_1,
          kennysheep_decorative_pillar, moated_statue, uniq_robin, uniq_jessica
D:3:      grunt_temple_overflow_order_and_chaos_2,
          yredelemnul_forgotten_temple_becter, lemuel_crystal_altar,
          makhleb_heckhound_becter

Action                   |  1- 3 |  4- 6 || total
-------------------------+-------+-------++-------
Melee: Unarmed           |    37 |       ||    37
       Dagger            |    43 |    11 ||    54
  Use: Potion            |     3 |       ||     3
 Stab: Sleeping          |     8 |       ||     8
  Eat: Chunk             |     2 |       ||     2
